 Dungeon Crawl Stone Soup version 0.31.0-11-ge490571c62 (webtiles) character file.

Game seed: 10709708156835972624

15 qw the Shooter (level 2, 0/16 HPs)
             Began as a Deep Elf Hunter on Feb 5, 2024.
             Succumbed to an adder's poison
             ... on level 2 of the Dungeon.
             The game lasted 00:00:16 (1031 turns).

qw the Shooter (Deep Elf Hunter)                    Turns: 1031, Time: 00:00:17

Health: 0/16       AC:  6    Str:  8    XL:     2   Next: 34%
Magic:  4/4        EV: 12    Int: 13    God:
Gold:   91         SH:  0    Dex: 18    Spells: 1/1 levels left

rFire   . . .        a - +0 shortbow
rCold   . . .        (shield currently unavailable)
rNeg    . . .        c - +0 leather armour
rPois   .            (no helmet)
rElec   .            (no cloak)
rCorr   .            (no gloves)
SInv    .            i - +2 pair of boots
Will    .....        (no amulet)
Stlth   ++           (no ring)
HPRegen 0.22/turn    (no ring)
MPRegen 0.09/turn

%: no passive effects
@: lethally poisoned (0 -> -3), about to teleport
A: no striking features
a: no special abilities


You were on level 2 of the Dungeon.
You visited 1 branch of the dungeon, and saw 2 of its levels.

You collected 91 gold pieces.


   Skills:
 - Level 1.5 Fighting
 + Level 6.2 Ranged Weapons
 - Level 2.4 Dodging
 - Level 1.2 Stealth


You had one spell level left.
You didn't know any spells.
Your spell library was empty.

Inventory:

Hand Weapons
 a - a +0 shortbow (weapon)
Armour
 c - a +0 leather armour (worn)
 f - a +1 helmet
 i - a +2 pair of boots (worn)
Scrolls
 b - a scroll of identify
Potions
 d - a potion of heal wounds {unknown}
 e - a potion of attraction {unknown}
 j - a potion of cancellation

Dungeon Overview and Level Annotations

Branches:
Dungeon (2/15)

Altars:
Ru


Message History

Enter note: An adder comes into view.
Found a hand axe.
The adder hisses angrily.
You see here 5 gold pieces.
You shoot an arrow. The arrow closely misses the adder.
You shoot an arrow. The arrow barely misses the adder.
You shoot an arrow.
The arrow hits the adder but does no damage.
You shoot an arrow.
The arrow hits the adder but does no damage.
The adder bites you but does no damage. The adder bites you.
You are poisoned.
The adder poisons you!
You shoot an arrow. The arrow completely misses the adder.
You feel sick. The adder bites you but does no damage.
You shoot an arrow. The arrow barely misses the adder.
You feel sick. The adder bites you but does no damage.
The adder closely misses you.
You shoot an arrow. The arrow hits the adder.
The adder is moderately wounded.
You feel sick. The adder bites you.
You shoot an arrow. The arrow closely misses the adder.
You feel sick. The adder bites you but does no damage. The adder bites you.
You are lethally poisoned!
The adder poisons you!
You shoot an arrow. The arrow misses the adder.
You feel sick. The adder bites you but does no damage.
1029 ||| READING scroll of teleportation.
As you read the scroll of teleportation, it crumbles to dust.
You feel strangely unstable.
You feel sick. The adder closely misses you.
A ball python comes into view.
The adder bites you.
You shoot an arrow.
The arrow hits the adder but does no damage.
The adder is moderately wounded.
You feel sick. The adder bites you but does no damage.
You shoot an arrow. The arrow misses the adder.
You die...

#### .... .. #.###...
....##+#.. #.......
.........# ####....
........## ............
#....... ..<..........
#......# .............
#....S.##..........###
####...@................
#.................##....
+.............#.## #....
#..........####.####.._.
#...####......#.........
...) #......#.........
... #...S..#......+.. ..
#......#......#..
#+##.....######..


You could see an adder and a ball python.

Vanquished Creatures
  A bat (D:1)
  A goblin (D:1)
  2 hobgoblins (D:1)
  A quokka (D:1)
  3 ball pythons (D:1)
  A frilled lizard (D:1)
  3 kobolds
  4 rats
16 creatures vanquished.

Notes
Turn   | Place    | Note
-------+----------+-------------------------------------------
     0 | D:1      | qw the Deep Elf Hunter began the quest for the Orb.
     0 | D:1      | Reached XP level 1. HP: 12/12 MP: 3/3
     0 | D:1      | 0 ||| qw: Version: 0.3-a-160-g6735b56
     0 | D:1      | 0 ||| qw: Game counter: 6455
     0 | D:1      | 0 ||| qw: Melee chars always use a shield: true
     0 | D:1      | 0 ||| qw: God list: Okawaru
     0 | D:1      | 0 ||| qw: Allow faded altars: false
     0 | D:1      | 0 ||| qw: Do Orc after clearing Dungeon:15 true
     0 | D:1      | 0 ||| qw: Do second Lair branch before Depths: true
     0 | D:1      | 0 ||| qw: Lair rune preference: random
     0 | D:1      | 0 ||| qw: Goals: Normal
     0 | D:1      | 0 ||| PLANNING D:1-11
   385 | D:1      | Reached XP level 2. HP: 16/16 MP: 4/4
   428 | D:1      | Reached skill level 6 in Ranged Weapons
   639 | D:1      | 639 ||| UPGRADING to +2 pair of boots.
   644 | D:1      | 644 ||| READING scroll labelled BOMEOT KISAI.
   644 | D:1      | 644 ||| IDENTIFYING fizzy yellow potion
   645 | D:1      | 645 ||| READING scroll labelled BIROBE LUCKI.
   746 | D:1      | 746 ||| READING scroll labelled DIOSME GALEO.
   747 | D:1      | 747 ||| READING 2 scrolls labelled MUIKAT QETHOI.
   752 | D:1      | 752 ||| READING scroll labelled ZEVYTU OKUILI.
   753 | D:1      | 753 ||| DRINKING 2 grey potions.
   754 | D:1      | 754 ||| DROPPING scroll of butterflies.
   755 | D:1      | 755 ||| DROPPING potion of brilliance.
   833 | D:2      | Found a sacrificial altar of Ru.
  1028 | D:2      | HP: 4/16 [poisoned by an adder]
  1029 | D:2      | 1029 ||| READING scroll of teleportation.
  1030 | D:2      | HP: 1/16 [poisoned by an adder]
  1031 | D:2      | Succumbed to an adder's poison

Levels and vault maps discovered:
D:1:      dpeg_arrival_simpleton_b, layout_loops_ring
D:2:      layout_basic, basic_altar, kennysheep_flooded_box, uniq_jessica

Skill      XL: |  1  2 |
---------------+-------+-----
Ranged Weapons | 6 |  6.2
Fighting       | |  1.5
Dodging        | |  2.4
Stealth        | |  1.2

Action                     || total
---------------------------++-------
   Fire: Shortbow          ||    51
    Use: Scroll            ||     6
         Potion            ||     1
 Armour: Leather armour    ||    16
  Dodge: Dodged            ||    10

Table legend:
 A = Non-vault XP
 B = Vault XP
 C = Vault XP percentage of total XP
 D = Non-vault monster count
 E = Vault monster count
 F = Vault count percentage of total count
                 A         B        C        D         E       F
            +---------+---------+-------+---------+---------+-------
      Total |      22 |       0 |   0.0 |      16 |       0 |   0.0
            +---------+---------+-------+---------+---------+-------
        D:1 |      19 |       0 |   0.0 |      13 |       0 |   0.0
        D:2 |       3 |       0 |   0.0 |       3 |       0 |   0.0
            +---------+---------+-------+---------+---------+-------
